 Dungeon Crawl Stone Soup version 0.17.0-28-g6e173f8 (webtiles) character file.

7259 gorblad the Fighter (level 10, -14/144 HPs)
             Began as a Minotaur Berserker on Nov 30, 2015.
             Was the Champion of Trog.
             Killed from afar by DEFE's ghost (32 damage)
             ... with a shard of ice
             ... on level 3 of the Orcish Mines.
             The game lasted 00:36:45 (7964 turns).

gorblad the Fighter (Minotaur Berserker)            Turns: 7964, Time: 00:36:45

Health: -14/144    AC: 14    Str: 34    XL:     10   Next: 88%
Magic:  9/9        EV: 14    Int:  1    God:    Trog [******]
Gold:   767        SH:  0    Dex: 10    Spells: 0 memorised, 9 levels left

rFire  + + .     SeeInvis .     x - +7 rapier of Cruel Justice {speed, rPois rF++ rC+ Int-3}
rCold  + . .     Clarity  .     j - +5 ring mail
rNeg   . . .     SustAt   +     (no shield)
rPois  +         Gourm    .     (helmet restricted)
rElec  .         Spirit   .     C - +1 cloak
rCorr  .         Warding  .     (no gloves)
rMut   .         Stasis   .     (no boots)
MR     .....                    h - amulet of faith
Stlth  ..........               A - ring of sustain attributes
                                e - +4 ring of strength

@: berserking, very quick, not resistant to hostile enchantments, extremely
unstealthy
A: retaliatory headbutt, horns 2
a: Berserk, Trog's Hand, Brothers in Arms, Burn Spellbooks, Renounce Religion


You were on level 3 of the Orcish Mines.
You worshipped Trog.
Trog was exalted by your worship.
You were not hungry.

You visited 2 branches of the dungeon, and saw 12 of its levels.
You also visited: Sewer.

You collected 767 gold pieces.

Inventory:

Hand Weapons
 a - a +1 hand axe of flaming
 x - the +7 rapier of Cruel Justice (weapon) {speed, rPois rF++ rC+ Int-3}
   (You found it on level 4 of the Dungeon)

   Attacks with this weapon are significantly faster.
   It affects your intelligence (-3).
   It greatly protects you from fire.
   It protects you from cold.
   It protects you from poison.
 Q - a +4 hunting sling of freezing
Missiles
 P - 8 poisoned javelins (quivered)
Armour
 b - a +0 animal skin
 j - a +5 ring mail (worn)
 C - a +1 cloak (worn)
 O - a +1 scale mail of fire resistance
Jewellery
 e - a +4 ring of strength (left hand)
 h - an amulet of faith (around neck)
 n - an uncursed ring of stealth
 v - an uncursed ring of positive energy
 y - an uncursed amulet of the gourmand
 A - a ring of sustain attributes (right hand)
 B - an uncursed amulet of rage
 F - an uncursed ring of see invisible
Wands
 H - a wand of fireball (12)
 J - a wand of magic darts (9)
 K - a wand of flame (27)
Scrolls
 i - a scroll of enchant weapon
 l - a scroll of blinking
 o - 5 scrolls of teleportation
 r - 2 scrolls of enchant armour
 u - 4 scrolls of remove curse
 D - a scroll of magic mapping
Potions
 d - a potion of berserk rage {unknown}
 k - 3 potions of magic
 m - 2 potions of invisibility {unknown}
 s - 3 potions of flight {unknown}
 t - 7 potions of curing
 w - a potion of cure mutation {unknown}
 z - 4 potions of heal wounds {unknown}
 E - 2 potions of degeneration {unknown}
 L - a potion of agility {unknown}
Comestibles
 c - 2 bread rations
 f - 6 meat rations
 g - 7 beef jerkies
 p - 25 fruits
 q - a slice of pizza
 N - 15 chunks of flesh


   Skills:
 * Level 11.4 Fighting
 + Level 9.4 Short Blades
 - Level 6.5 Axes
 + Level 8.5 Armour
 + Level 8.4 Dodging
 - Level 0.3 Stealth


You had 9 spell levels left.
You didn't know any spells.

Dungeon Overview and Level Annotations

Branches:
Dungeon (9/15)             Temple (0/1) D:7             Orc (3/4) D:9
   Lair: D:8-11         Elf: Orc:3-4

Altars:
Nemelex Xobeh
Okawaru
Qazlal
Ru
Vehumet

Shops:
D:8 !

Annotations:
Orc:3 DEFE's ghost, journeyman SpFi


Innate Abilities, Weirdness & Mutations

You reflexively headbutt those who attack you in melee.
You have a pair of horns on your head.


Message History

* * * LOW HITPOINT WARNING * * *
You completely miss DEFE's ghost.
DEFE's ghost is moderately damaged.
The warg closely misses you. You furiously retaliate!
You headbutt the warg.
You kill the warg!
Trog accepts your kill.
You barely miss DEFE's ghost. Your headbutt misses DEFE's ghost.
DEFE's ghost is moderately damaged.
You completely miss DEFE's ghost. Your headbutt misses DEFE's ghost.
DEFE's ghost is moderately damaged.
DEFE's ghost gestures at you while chanting.
The shard of ice hits you! You partially resist.
* * * LOW HITPOINT WARNING * * *
You miss DEFE's ghost.
DEFE's ghost is moderately damaged.
You completely miss DEFE's ghost. Your headbutt misses DEFE's ghost.
DEFE's ghost is moderately damaged.
DEFE's ghost gestures at you while chanting.
The shard of ice hits you! You partially resist.
You die...

#..#...#.....#.#..
#.##..##.#.........#.
.....................
............<........
#.#..$.....).)...#...
......$....))<>......
#...^......))[....$.#
..#......)..รท.......#
......W@...........#.
.....................
..#................#.
....................#
.#.........##.......$
....$.>....###......#
..........## ......
.....#.....


You could see DEFE's ghost.

Vanquished Creatures
  Pikel (D:7)
  2 trolls (Orc:3)
  Grinder (D:3)
  2 wyverns
  Sigmund (D:3)
  A hungry ghost (D:9)
  3 wargs (Orc:3)
  Edmund (D:6)
  Duvessa (D:7)
  A slave (D:7)
  A water moccasin (D:6)
  3 ice beasts
  6 orc warriors
  A sky beast (D:5)
  A phantom (D:7)
  The ghost of gorblad the Skirmisher, an amateur DrBe of Trog (D:3)
  4 ogres
  A centaur (D:5)
  2 eyes of draining (D:8)
  3 big kobolds
  Dowan (D:7)
  4 giant frogs
  3 killer bees (D:8)
  An electric eel (D:9)
  8 wights (D:7)
  5 crimson imps
  10 orc priests
  A giant frog zombie (D:8)
  2 iguanas
  A jelly (D:7)
  21 orc wizards
  A centaur skeleton (D:4)
  Jessica (D:3)
  3 giant frog skeletons
  2 hounds
  Natasha (twice) (D:2)
  2 gnoll shamans
  2 worker ants
  A hound zombie (D:5)
  2 worker ant zombies
  3 river rats
  20 gnolls
  14 adders
  3 shadow imps
  8 oozes
  An adder zombie (D:6)
  7 worms
  2 adder skeletons
  89 orcs
  7 ball pythons
  9 bats
  7 giant cockroaches
  8 goblins
  9 hobgoblins
  6 jackals
  21 kobolds
  4 quokkas
  4 giant geckos
  A giant gecko skeleton (D:4)
  6 giant newts
  A jackal skeleton (D:5)
  A quokka skeleton (D:6)
  A quokka zombie (D:5)
  11 rats
353 creatures vanquished.

Notes
Turn   | Place    | Note
--------------------------------------------------------------
     0 | D:1      | gorblad the Minotaur Berserker began the quest for the Orb.
     0 | D:1      | Reached XP level 1. HP: 19/19 MP: 0/0
    67 | D:1      | Reached skill level 4 in Fighting
    67 | D:1      | Reached XP level 2. HP: 14/27 MP: 1/1
   431 | D:1      | Reached ** piety under Trog
   551 | D:1      | Reached XP level 3. HP: 34/34 MP: 2/2
  1045 | D:2      | Reached XP level 4. HP: 38/41 MP: 3/3
  1278 | D:2      | Noticed Natasha
  1284 | D:2      | Killed Natasha
  1284 | D:2      | Reached *** piety under Trog
  1427 | D:2      | Noticed Natasha
  1431 | D:2      | Killed Natasha
  1445 | D:3      | Noticed gorblad's ghost (amateur DrBe)
  1455 | D:3      | Killed gorblad's ghost
  1455 | D:3      | Reached skill level 5 in Fighting
  1455 | D:3      | Reached XP level 5. HP: 22/48 MP: 4/4
  1466 | D:3      | Noticed Jessica
  1471 | D:3      | Killed Jessica
  1471 | D:3      | Reached skill level 5 in Axes
  1673 | D:3      | Reached XP level 6. HP: 36/56 MP: 5/5
  1822 | D:3      | Noticed Grinder
  1829 | D:3      | Reached **** piety under Trog
  1851 | D:3      | Paralysed by Grinder for 2 turns
  1864 | D:3      | Killed Grinder
  2012 | D:3      | Noticed Sigmund
  2019 | D:3      | Killed Sigmund
  2019 | D:3      | Reached skill level 6 in Fighting
  2019 | D:3      | Reached XP level 7. HP: 63/63 MP: 6/6
  2025 | D:3      | Reached skill level 5 in Armour
  2025 | D:3      | Reached skill level 5 in Dodging
  2406 | D:4      | Found a radiant altar of Vehumet.
  2413 | D:4      | Found a stormy altar of Qazlal.
  2418 | D:4      | Found an iron altar of Okawaru.
  2550 | D:4      | Got a transparent rapier
  2551 | D:4      | Identified the +7 rapier of Cruel Justice {speed, rPois rF++ rC+ Int-3} (You found it on level 4 of the Dungeon)
  2883 | D:4      | Reached skill level 1 in Short Blades
  2964 | D:5      | Entered Level 5 of the Dungeon
  2975 | D:5      | Reached XP level 8. HP: 67/71 MP: 7/7
  3225 | D:5      | Found a glowing drain.
  3243 | Sewer    | Entered a sewer
  3637 | Sewer    | Reached skill level 5 in Short Blades
  4026 | D:5      | Reached skill level 7 in Short Blades
  4298 | D:5      | Found an iron altar of Okawaru.
  4309 | D:5      | Reached ***** piety under Trog
  4481 | D:6      | Noticed Edmund
  4491 | D:6      | Killed Edmund
  4513 | D:6      | Reached skill level 8 in Short Blades
  4586 | D:6      | Found a sparkling altar of Nemelex Xobeh.
  4647 | D:6      | Reached XP level 9. HP: 78/78 MP: 8/8
  5726 | D:7      | Found a staircase to the Ecumenical Temple.
  5851 | D:7      | Noticed Pikel
  5871 | D:7      | Killed Pikel
  5871 | D:7      | Reached skill level 9 in Fighting
  5889 | D:7      | Noticed Duvessa
  5889 | D:7      | Noticed Dowan
  5895 | D:7      | Killed Duvessa
  5899 | D:7      | Killed Dowan
  5899 | D:7      | Reached XP level 10. HP: 75/91 MP: 9/9
  6247 | D:8      | Reached skill level 10 in Fighting
  6273 | D:8      | Received a gift from Trog
  6344 | D:8      | Found a sacrificial altar of Ru.
  6413 | D:8      | Found Qumogent's Distillery.
  7039 | D:9      | Found a staircase to the Orcish Mines.
  7214 | Orc:1    | Entered Level 1 of the Orcish Mines
  7438 | Orc:2    | Reached ****** piety under Trog
  7456 | Orc:2    | Received a gift from Trog
  7690 | Orc:1    | Reached skill level 11 in Fighting
  7813 | Orc:2    | Received a gift from Trog
  7848 | Orc:2    | Identified a scroll of acquirement
  7942 | Orc:3    | Noticed DEFE's ghost (journeyman SpFi)
  7964 | Orc:3    | Killed from afar by DEFE's ghost

Action                   |  1- 3 |  4- 6 |  7- 9 | 10-12 || total
-------------------------+-------+-------+-------+-------++-------
Melee: Hand axe          |    72 |    98 |    37 |       ||   207
       Rapier            |       |       |   375 |   298 ||   673
Invok: Berserk           |       |     3 |     2 |     8 ||    13
       Burn Spellbooks   |       |       |       |     1 ||     1
       Trog's Hand       |       |       |       |     1 ||     1
  Use: Scroll            |       |     6 |     2 |     7 ||    15
  Eat: Chunk             |       |     1 |     9 |    14 ||    24
       Bread ration      |       |     1 |     1 |       ||     2
       Fruit             |       |       |     2 |     2 ||     4
       Beef jerky        |       |       |     1 |       ||     1
